 Dungeon Crawl Stone Soup version 0.30-a0-779-g7971cf19c3 (webtiles) character file.

Game seed: 6089373190259956917

94 gelatine the Insei (level 4, 0/33 HPs)
             Began as a Demonspawn Wanderer on Feb 18, 2023.
             Slain by Crazy Yiuf
             ... wielding a +2 quarterstaff of chaos
              (2 damage)
             ... on level 2 of the Dungeon.
             The game lasted 00:04:31 (1497 turns).

gelatine the Insei (Demonspawn Wanderer)            Turns: 1497, Time: 00:04:32

Health: 0/33       AC:  4    Str: 12    XL:     4   Next: 38%
Magic:  0/6        EV: 11    Int: 11    God:
Gold:   29         SH:  0    Dex: 17    Spells: 6/6 levels left

rFire   . . .      SeeInvis .    g - +2 trident (heavy)
rCold   . . .      Faith    .    t - orb {mayhem}
rNeg    . . .      Spirit   +    f - +0 leather armour
rPois   .          Reflect  .    (no helmet)
rElec   .          Harm     .    k - scarf {repulsion}
rCorr   .          Rampage  .    r - +0 pair of gloves
Will    .....                    (no boots)
Stlth   ++                       l - amulet of guardian spirit
HPRegen 0.25/turn                (no ring)
MPRegen 0.10/turn                (no ring)

@: lethally poisoned (0 -> -12), repel missiles
A: demonic magic 1, weakness stinger 1
a: no special abilities


You were on level 2 of the Dungeon.
You visited 1 branch of the dungeon, and saw 2 of its levels.

You collected 29 gold pieces.

Inventory:

Hand Weapons
 a - a +0 dagger
 g - a +2 heavy trident (weapon)
Missiles
 j - 2 boomerangs (quivered)
Armour
 f - a +0 leather armour (worn)
 h - a +0 ring mail
 k - a scarf of repulsion (worn)
 r - a +0 pair of gloves (worn)
 t - an orb of mayhem (worn)
Jewellery
 l - an amulet of guardian spirit (around neck)
Wands
 b - a wand of roots (5)
Scrolls
 d - 2 scrolls of teleportation
 e - a scroll of blinking
 o - a scroll of amnesia {unknown}
 p - a scroll of magic mapping {unknown}
 q - 2 scrolls of enchant armour {unknown}
 s - a scroll of noise {unknown}
 u - a scroll of enchant weapon {unknown}
Potions
 c - a potion of attraction
 i - a potion of curing {unknown}
 m - a potion of berserk rage {unknown}
 n - a potion of mutation {unknown}


   Skills:
 * Level 2.1 Fighting
 + Level 0.6 Short Blades
 * Level 1.7 Armour
 * Level 1.3 Dodging
 + Level 1.4 Stealth
 + Level 4.9 Unarmed Combat
 * Level 1.9 Spellcasting


You had 6 spell levels left.
You didn't know any spells.
Your spell library was empty.

Dungeon Overview and Level Annotations

Branches:
Dungeon (2/15)

Altars:

Annotations:
D:2 Crazy Yiuf


Innate Abilities, Weirdness & Mutations

Spells you cast may paralyse adjacent enemies.
You have a small tail.


Message History

Found a hammer.
You see here a +0 hammer.
Found a glowing hammer and three hammers.
Found a runed translucent door.
You see here a +0 hammer.
You see here a +1 hammer of holy wrath.
Found a hammer.
You open the door. Crazy Yiuf closely misses you.
There is an open translucent door here.
You puncture Crazy Yiuf!
Crazy Yiuf is heavily wounded.
Crazy Yiuf completely misses you.
You barely miss Crazy Yiuf.
Crazy Yiuf is heavily wounded.
Crazy Yiuf barely misses you. x2
You closely miss Crazy Yiuf.
Crazy Yiuf is heavily wounded.
Crazy Yiuf hits you with a +2 quarterstaff of chaos.
Crazy Yiuf freezes you. Crazy Yiuf misses you.
You puncture Crazy Yiuf!
You tail-slap Crazy Yiuf, but do no damage.
Crazy Yiuf is almost dead.
Crazy Yiuf misses you.
Crazy Yiuf hits you with a +2 quarterstaff of chaos!
You are poisoned.
You closely miss Crazy Yiuf.
Your tail-slap misses Crazy Yiuf.
Crazy Yiuf is almost dead.
You feel extremely sick.
Crazy Yiuf hits you with a +2 quarterstaff of chaos.
You are lethally poisoned!
Crazy Yiuf barely misses you.
You barely miss Crazy Yiuf.
Crazy Yiuf is almost dead.
* * * LOW HITPOINT WARNING * * *
You feel extremely sick.
Crazy Yiuf hits you with a +2 quarterstaff of chaos.
* * * LOW HITPOINT WARNING * * *
You convulse.
You die...

#.# #.# ... #.#
#.. ### #.# #.#
#!###### ####
#......## ###).)#
#######
#......P####.@g..#
#......
#.....PP.#).##..)#
#.#####
####..#...)#)###
#### #.# #
).....######## #.#
# #####.#
#####.##### #.#
##†......... #.#
#.####.####. #.#
#.# #.# #.
#......... ..#.#
#.# #.


You could see Crazy Yiuf.

Vanquished Creatures
  Terence (D:2)
  An adder (D:2)
  A worm (D:2)
  A dart slug (D:2)
  6 ball pythons
  4 endoplasms
  4 giant cockroaches (D:1)
  4 goblins
  7 hobgoblins
  4 jackals (D:2)
  4 bats
  5 frilled lizards
  4 kobolds
  4 rats
50 creatures vanquished.

Vanquished Creatures (collateral kills)
  A kobold (D:2)
1 creature vanquished.

Grand Total: 51 creatures vanquished

Notes
Turn   | Place    | Note
-------+----------+-------------------------------------------
     0 | D:1      | gelatine the Demonspawn Wanderer began the quest for the
                  | Orb.
     0 | D:1      | gelatine set off with the following items: a +0 dagger, a
                  | potion of invisibility, a potion of attraction, a scroll of
                  | teleportation, a scroll of blinking, a +0 leather armour, a
                  | potion of haste.
     0 | D:1      | Reached XP level 1. HP: 16/16 MP: 2/2
   145 | D:1      | Gained mutation: Spells you cast may paralyse adjacent
                  | enemies. [demonic ancestry]
   145 | D:1      | Reached XP level 2. HP: 16/22 MP: 3/3
   571 | D:1      | Reached XP level 3. HP: 27/27 MP: 5/5
  1092 | D:2      | Noticed Terence
  1125 | D:2      | Killed Terence
  1126 | D:2      | Reached skill level 1 in Dodging
  1225 | D:2      | Gained mutation: You have a small tail. [demonic ancestry]
  1225 | D:2      | Reached XP level 4. HP: 32/33 MP: 4/6
  1486 | D:2      | Found a runed translucent door.
  1487 | D:2      | Noticed Crazy Yiuf
  1497 | D:2      | Slain by Crazy Yiuf

Illustrated notes

Levels and vault maps discovered:
D:1:      dpeg_arrival_rhombi, layout_loops_ring, minmay_misc_feat_chi
D:2:      layout_loops_ring, hellmonk_ecumenical_altar_the_god_not_taken,
          uniq_terence, uniq_crazy_yiuf_cottage

Skill      XL: |  1  2  3 |
---------------+----------+-----
Dodging        | 1 |  1.3
Fighting       | |  2.1
Short Blades   | |  0.6
Armour         | |  1.7
Stealth        | |  1.4
Unarmed Combat | |  4.9
Spellcasting   | |  1.9

Action                     |  1- 3 |  4- 6 || total
---------------------------+-------+-------++-------
  Melee: Dagger            |   182 |       ||   182
         Trident           |     2 |    30 ||    32
         Punch             |     2 |       ||     2
         Tailslap          |       |     4 ||     4
    Use: Potion            |     2 |       ||     2
   Stab: Invisible         |     7 |       ||     7
         Distracted        |       |     1 ||     1
         Sleeping          |       |     1 ||     1
 Armour: Leather armour    |    19 |     9 ||    28
         Ring mail         |    47 |       ||    47
  Dodge: Dodged            |   102 |    28 ||   130

Table legend: (Time is in decaauts)
 A = Elapsed time spent in this place.
 B = Non-inter-level travel time spent in this place.
 C = Inter-level travel time spent in this place.
 D = Time resting spent in this place.
 E = Time spent auto-exploring this place.
 F = Levels seen in this place.
 G = Mean time per level.
                   A        B        C        D        E       F      G
               +--------+--------+--------+--------+--------+-----+--------+
         Total |   1508 |   1477 |     31 |      0 |    999 |   2 |  754.0 |
       Dungeon |   1508 |   1477 |     31 |      0 |    999 |   2 |  754.0 |
               +--------+--------+--------+--------+--------+-----+--------+

Top non-repeatable levels by time:
     D:1: 919 daAuts
     D:2: 589 daAuts
